 Dungeon Crawl Stone Soup version 0.23-b1-59-g586d0d887c (webtiles) character file.

Game seed: 11393818609484028695

665 McKennaii the Insei (level 7, 0/53 HPs)
             Began as a Green Draconian Transmuter on Feb 4, 2019.
             Was an Initiate of Sif Muna.
             Slain by an ice beast (6 damage)
             ... on level 5 of the Dungeon on Feb 5, 2019.
             The game lasted 00:14:15 (5308 turns).

McKennaii the Insei (Green Draconian Transmuter)    Turns: 5308, Time: 00:14:17

Health: 0/53       AC: 10    Str: 12    XL:     7   Next: 31%
Magic:  2/11       EV: 13    Int: 15    God:    Sif Muna [......]
Gold:   211        SH:  0    Dex: 12    Spells: 9/12 levels left

rFire    . . .     SeeInvis .     - Unarmed
rCold    . . .     Gourm    .   (no shield)
rNeg     . . .     Faith    .   (armour unavailable)
rPois    +         Spirit   .   (helmet restricted)
rElec    .         Reflect  .   j - +2 cloak
rCorr    .         Harm     .   (no gloves)
MR       .....                  m - +0 pair of boots
Stlth    +++.......             (no amulet)
HPRegen  0.17/turn              (no ring)
MPRegen  0.12/turn              h - ring of stealth

@: short of breath
A: breathe noxious fumes, unfitting armour, poison resistance, cold-blooded, AC
+6
a: Breathe Noxious Fumes, Renounce Religion


You were on level 5 of the Dungeon.
You worshipped Sif Muna.
Sif Muna was noncommittal.
You were not hungry.

You visited 2 branches of the dungeon, and saw 6 of its levels.

You collected 211 gold pieces.

Inventory:

Missiles
 a - 45 arrows
Armour
 j - a +2 cloak (worn)
 m - a +0 pair of boots (worn)
Jewellery
 f - an uncursed ring of ice
 h - a ring of stealth (right hand)
 w - an uncursed ring of magical power {unknown}
Wands
 t - a wand of flame (19)
Scrolls
 d - a scroll of teleportation {unknown}
 e - a scroll of random uselessness {unknown}
 l - 3 scrolls of remove curse
 o - 2 scrolls of identify {unknown}
 q - a scroll of immolation {unknown}
 r - 2 scrolls of magic mapping {unknown}
 x - a scroll of enchant weapon {unknown}
 y - a scroll of blinking {unknown}
Potions
 b - 2 potions of berserk rage
 g - a potion of haste {unknown}
 i - a potion of lignification {unknown}
 k - a potion of flight {unknown}
 n - a potion of agility {unknown}
 p - a potion of cancellation {unknown}
 s - 2 potions of curing {unknown}
 u - a potion of might {unknown}
 v - a potion of invisibility {unknown}
 z - a potion of mutation {unknown}
Comestibles
 c - 8 rations
 A - a chunk of flesh


   Skills:
 + Level 1.6 Fighting
 + Level 3.6 Dodging
 + Level 2.0 Stealth
 + Level 5.7 Unarmed Combat
 + Level 3.0 Spellcasting
 * Level 3.9 Transmutations


You had 9 spell levels left.
You knew the following spells:

 Your Spells              Type           Power        Failure   Level  Hunger
a - Beastly Appendage     Tmut           ##....       3%          1    #......
b - Sticks to Snakes      Tmut           ##......     6%          2    ##.....

Your spell library contained the following spells:

 Spells                   Type           Power        Failure   Level  Hunger
 Spider Form              Tmut/Pois      #.........   26%         3    ###....
 Ice Form                 Ice/Tmut       #.......     65%         4    #####..
 Blade Hands              Tmut           ##........   71%         5    ######.


Dungeon Overview and Level Annotations

Branches:
Dungeon (5/15)             Temple (1/1) D:4

Altars:
Cheibriados
Elyvilon
Kikubaaqudgha
Makhleb
Nemelex Xobeh
Qazlal
Ru
Sif Muna
Vehumet
Xom
Yredelemnul
The Shining One


Innate Abilities, Weirdness & Mutations

You can breathe blasts of noxious fumes.
Your lurid green scales are hard. (AC +6)
You cannot fit into any form of body armour.
Your system is resistant to poisons. (rPois)
You are cold-blooded and may be slowed by cold attacks.


Message History

Unknown command.
The ice beast hits you. The ice beast freezes you!
* * * LOW HITPOINT WARNING * * *
Your ball python barely misses the ice beast.
Your water moccasin closely misses the ice beast.
Press: ? - help, Shift-Dir - straight line, f - centaur
Aim: a centaur You exhale a blast of noxious fumes.
The blast of choking fumes misses the ice beast.
The blast of choking fumes hits the centaur.
The centaur is moderately wounded.
You feel somewhat more hungry.
The centaur is engulfed in noxious fumes.
The centaur wields a +0 shortbow.
The centaur shoots an arrow.
The arrow hits you.
* * * LOW HITPOINT WARNING * * *
The ice beast hits you.
* * * LOW HITPOINT WARNING * * *
The ice beast freezes you.
You die...

##.....##...##.....##
#......[#...#.......#
#....).÷'...'.÷.....#
#.......#...#.......#
##.....##...##.....##
##...###...###.(.##
##### #...# #####
#...# #...#
.....##S@.#
..c...#Y..#
.!....'cS.+
......#(..#
.....##...# #...#
#...# #### #...#
#...# #...#


You could see an ice beast, a centaur, a friendly water moccasin and a friendly
ball python.

Vanquished Creatures
  A crimson imp (D:3)
  3 orc priests
  A jelly (D:3)
  Crazy Yiuf (D:3)
  3 orc wizards
  2 iguanas
  3 worker ants
  4 gnolls (D:4)
  7 adders
  An ooze (D:4)
  An adder skeleton (D:4)
  2 worms
  A dart slug (D:4)
  4 leopard geckos
  3 orcs (D:3)
  9 bats
  5 giant cockroaches
  2 goblins
  7 hobgoblins
  2 jackals (D:3)
  9 kobolds
  A quokka (D:5)
  4 frilled lizards
  A leopard gecko skeleton (D:4)
  A leopard gecko zombie (D:3)
  9 rats
87 creatures vanquished.

Vanquished Creatures (collateral kills)
  Prince Ribbit (D:5)
  An orc (D:4)
  A hobgoblin (D:3)
3 creatures vanquished.

Vanquished Creatures (others)
  A hound (D:4)
  A worker ant (D:4)
  An adder (D:4)
  A giant cockroach (D:4)
  A frilled lizard (D:4)
5 creatures vanquished.

Grand Total: 95 creatures vanquished

Notes
Turn   | Place    | Note
-------+----------+-------------------------------------------
     0 | D:1      | McKennaii the Draconian Transmuter began the quest for the
                  | Orb.
     0 | D:1      | Reached XP level 1. HP: 16/16 MP: 3/3
   224 | D:1      | Reached XP level 2. HP: 23/23 MP: 5/5
   971 | D:2      | Reached XP level 3. HP: 12/28 MP: 6/6
  1577 | D:2      | Reached skill level 4 in Unarmed Combat
  1666 | D:2      | Reached XP level 4. HP: 18/35 MP: 7/7
  2219 | D:3      | Learned a level 2 spell: Sticks to Snakes
  2297 | D:3      | Reached XP level 5. HP: 34/40 MP: 2/8
  2870 | D:3      | Found a runed translucent door.
  2871 | D:3      | Noticed Crazy Yiuf
  3172 | D:3      | Killed Crazy Yiuf
  3565 | D:4      | Reached XP level 6. HP: 27/47 MP: 9/9
  3726 | D:4      | Reached skill level 1 in Stealth
  3875 | D:4      | Found a staircase to the Ecumenical Temple.
  3884 | Temple   | Entered the Ecumenical Temple
  3912 | Temple   | Became a worshipper of Sif Muna the Loreminder
  4105 | D:4      | Found a radiant altar of Vehumet.
  4116 | D:4      | Reached skill level 5 in Unarmed Combat
  4422 | D:4      | Found a snail-covered altar of Cheibriados.
  4763 | D:4      | Found a shimmering altar of Xom.
  4997 | D:5      | Entered Level 5 of the Dungeon
  4997 | D:5      | Noticed Prince Ribbit
  5007 | D:5      | Killed Prince Ribbit
  5007 | D:5      | Your scales start taking on a lurid green colour.
  5007 | D:5      | Reached XP level 7. HP: 34/52 MP: 1/11
  5007 | D:5      | Gained mutation: Your system is resistant to poisons.
                  | (rPois) [Green Draconian growth]
  5308 | D:5      | Slain by an ice beast

Skill      XL: |  1  2  3  4  5  6  7 |
---------------+----------------------+-----
Dodging        | 2 3 |  3.6
Unarmed Combat | 4 5 |  5.7
Transmutations | 3 |  3.9
Stealth        | 1 2 |  2.0
Spellcasting   | 3 |  3.0
Fighting       | |  1.6

Action                   |  1- 3 |  4- 6 |  7- 9 || total
-------------------------+-------+-------+-------++-------
Melee: Unarmed           |   138 |   279 |    22 ||   439
       Tailslap          |    21 |    34 |     2 ||    57
       Headbutt          |     1 |     8 |     1 ||    10
       Punch             |     1 |     3 |       ||     4
 Cast: Beastly Appendage |     3 |     5 |     4 ||    12
       Sticks to Snakes  |       |    23 |     5 ||    28
 Abil: Breathe Noxious F |       |       |     1 ||     1
  Use: Potion            |     1 |     2 |       ||     3
       Scroll            |       |     2 |       ||     2
 Stab: Sleeping          |     1 |     9 |       ||    10
       Distracted        |       |     1 |       ||     1
  Eat: Chunk             |     2 |     9 |     2 ||    13
       Ration            |       |     1 |       ||     1
Armor: Skin              |    83 |    92 |     4 ||   179
Dodge: Dodged            |   117 |   163 |    15 ||   295
